 Dungeon Sprint DCSS version 0.23.2-1-ga50397a6bc (webtiles) character file.

Game seed: 9877029070272752905

7208 Burgietje the Warrior (level 11, -7/96 HPs)
             Began as a Gargoyle Fighter on May 16, 2019.
             Was the Champion of Jiyva.
             Mangled by a two-headed ogre
             ... wielding a +0 giant club
              (10 damage)
             ... in the Dungeon (Sprint VII: "The Pits").
             The game lasted 00:06:18 (1304 turns).

Burgietje the Warrior (Gargoyle Fighter)            Turns: 1304, Time: 00:06:18

Health: -7/96      AC: 27    Str: 19    XL:     11   Next: 11%
Magic:  11/11      EV:  7    Int: 13    God:    Jiyva [******]
Gold:   0          SH:  9    Dex: 12    Spells: 10/10 levels left

rFire    + . .     SeeInvis +   s - +2 hand axe (freeze)
rCold    . . .     Gourm    .   c - +0 shield
rNeg     + . .     Faith    .   z - +4 chain mail
rPois    ∞         Spirit   .   (helmet restricted)
rElec    +         Reflect  .   A - +0 cloak
rCorr    +         Harm     .   (no gloves)
MR       .....     NoTele   +   (no boots)
Stlth    ..........             (no amulet)
HPRegen  0.26/turn              u - +3 ring of protection
MPRegen  0.12/turn              v - +3 ring of intelligence

@: no status effects
A: antennae 1, hooves 1, repulsion field 1, slimy green scales 1, thin skeletal
structure 1, see invisible, fire resistance 1, negative energy resistance 1,
sense surroundings 1, robust 1, electricity resistance, weak 1, wild magic 1,
unbreathing, eyeballs 1, petrification resistance, rot immunity, AC +8
a: Request Jelly, Slimify, Cure Bad Mutation, Renounce Religion


You were in the Dungeon.
You worshipped Jiyva.
Jiyva was exalted by your worship.
You were very full.

You visited 1 branch

Inventory:

Hand Weapons
 b - a +0 scimitar of flaming
 q - a cursed +5 battleaxe of freezing
 s - a +2 hand axe of freezing (weapon)
 t - a +2 long sword of holy wrath
 y - a +2 scimitar of holy wrath
Armour
 c - a +0 shield (worn)
 z - a +4 chain mail (worn)
 A - a +0 cloak (worn)
Magical Staves
 p - an uncursed staff of energy
Jewellery
 a - an uncursed ring of fire
 u - a +3 ring of protection (left hand)
 v - a +3 ring of intelligence (right hand)
Wands
 d - a wand of clouds (5)
Scrolls
 k - a scroll of blinking
 m - 3 scrolls of remove curse
 n - 5 scrolls of amnesia
 o - a scroll of summoning
Potions
 e - 7 potions of curing
 g - a potion of heal wounds
 h - a potion of haste
 i - 4 potions of magic
 j - 2 potions of berserk rage
 l - 2 potions of invisibility
 w - 2 potions of brilliance
 x - 3 potions of agility
Comestibles
 f - 9 rations


   Skills:
 + Level 19.1 Fighting
 + Level 16.4 Axes
 - Level 3.2 Armour
 - Level 3.2 Shields


You had 10 spell levels left.
You didn't know any spells.
Your spell library was empty.

Dungeon Overview and Level Annotations

Branches:
Dungeon (1/1)

Altars:
Cheibriados
Dithmenos
Elyvilon
Fedhas
Gozag
Hepliaklqana
Makhleb
Nemelex Xobeh
Okawaru
Qazlal
Ru
Sif Muna
Trog
Vehumet
Wu Jian
Xom
Yredelemnul
Zin
The Shining One
Beogh
Jiyva
Lugonu


Innate Abilities, Weirdness & Mutations

You are resistant to torment.
Your stone body is resilient. (AC +8)
You are immune to poison.
You resist negative energy. (rN+)
You are resistant to electric shocks. (rElec)
You can survive without breathing.
You are immune to petrification.
You are immune to rotting.
You have a pair of small antennae on your head.
You have large cloven feet.
You are surrounded by a mild repulsion field. (EV +2)
You are partially covered in slimy green scales. (AC +2)
You have a somewhat thin skeletal structure. (Dex +2, Stealth)
You have supernaturally acute eyesight. (SInv)
Your flesh is heat resistant. (rF+)
You passively map a small area around you.
You are robust. (+10% HP)
You are weak. (Str -2)
Your spells are a little harder to cast, but a little more powerful.
Your body has grown golden eyes which may confuse attackers. (Acc +3)


Message History

The two-headed ogre hits you but does no damage. x2
The two-headed ogre hits you with a +0 dire flail.
* * * LOW HITPOINT WARNING * * *
The ogre mage hits you but does no damage.
Your chain mail prevents you from hitting the two-headed ogre.
You kick the two-headed ogre.
The two-headed ogre is almost dead.
You hit the ogre mage but do no damage. You slash the two-headed ogre!
You freeze the two-headed ogre. You hit the two-headed ogre.
You freeze the two-headed ogre.
The two-headed ogre hits you with a cursed +0 giant spiked club!
* * * LOW HITPOINT WARNING * * *
The two-headed ogre closely misses you.
You slash the two-headed ogre! You freeze the two-headed ogre.
You kill the two-headed ogre!
Your Fighting skill increases to level 19!
You hit the ogre mage. You freeze the ogre mage.
Your chain mail prevents you from hitting the two-headed ogre. x2
The two-headed ogre hits you with a +0 giant club!
You die...

##'#####''###### ####
......##''# * * ## * *
......##..# ..
G.....##..#* , ..
..<...##..#### '# *
......##..#..### #.##,
**
......##..#....##O..#, ,
......##..'.....#O..#...
* ,
########..'....O@)s.'...
'
########..'.....#Oy.#...
.#!...##..#....##...# ,
.#....##..#..### #.## *
.'....##..#### '#* *
.#....##..# , ,,.. *
.#....##..#{ .. **
########### **##


You could see 3 two-headed ogres, an ogre mage, a redback and a killer bee.

Vanquished Creatures
  4 two-headed ogres (D)
  A sea snake (D)
  A flayed ghost (D)
  Pikel (D)
  An efreet (D)
  A hornet (D)
  Grinder (D)
  A hippogriff (D)
  A spriggan (D)
  2 redbacks (D)
  A slave (D)
  An ogre (D)
  2 gnoll sergeants (D)
  7 wights (D)
  3 killer bees (D)
  2 worker ants (D)
  A mummy (D)
  3 gnolls (D)
  A white imp (D)
  An ufetubus (D)
  2 orcs (D)
  A quokka (D)
  A quokka skeleton (D)
40 creatures vanquished.

Vanquished Creatures (collateral kills)
  Agnes (D)
  A gargoyle (D)
  A tyrant leech (D)
  A flying skull (D)
  A crimson imp (D)
  A hound (D)
  A river rat (D)
7 creatures vanquished.

Vanquished Creatures (others)
  the Royal Jelly (D)
  Dissolution (D)
  An orb of fire (D)
  An ancient lich (D)
  Mennas (D)
  A greater mummy (D)
  Boris (D)
  2 pearl dragons (D)
  A Hell Sentinel (D)
  A tentacled monstrosity (D)
  2 Orb Guardians (D)
  2 Ice Fiends (D)
  10 acid blobs (D)
  2 titans (D)
  An Executioner (D)
  A shadow dragon (D)
  6 azure jellies (D)
  A draconian stormcaller (D)
  Louise (D)
  A dire elephant (D)
  A mummy priest (D)
  9 death oozes (D)
  A blizzard demon (D)
  A fire dragon (D)
  A deep elf death mage (D)
  A deep elf high priest (D)
  3 hellions (D)
  A golden eye (shapeshifter) (D)
  2 floating eyes (D)
  A golden eye (D)
  3 slaves (D)
  An eye of draining (D)
  A killer bee (D)
  16 jellies (D)
  A gnoll (D)
  3 oozes (D)
84 creatures vanquished.

Grand Total: 131 creatures vanquished

Notes
Turn   | Place    | Note
-------+----------+-------------------------------------------
     0 | D        | Burgietje the Gargoyle Fighter began the quest for the Orb.
     0 | D        | Reached XP level 1. HP: 14/14 MP: 1/1
     6 | D        | Killed a hellion
    45 | D        | Found a bloodstained altar of Trog.
    45 | D        | Found a deep blue altar of Sif Muna.
    45 | D        | Found a viscous altar of Jiyva.
    45 | D        | Found a hazy altar of Hepliaklqana.
    45 | D        | Found an opulent altar of Gozag.
    45 | D        | Killed a pearl dragon
    46 | D        | Found a glowing golden altar of the Shining One.
    46 | D        | Found a glowing silver altar of Zin.
    46 | D        | Found a basalt altar of Yredelemnul.
    46 | D        | Found a shimmering altar of Xom.
    46 | D        | Found an ornate altar of the Wu Jian Council.
    46 | D        | Found a sacrificial altar of Ru.
    46 | D        | Found a stormy altar of Qazlal.
    46 | D        | Found an iron altar of Okawaru.
    46 | D        | Found a sparkling altar of Nemelex Xobeh.
    46 | D        | Found a burning altar of Makhleb.
    46 | D        | Found a blossoming altar of Fedhas.
    46 | D        | Found a white marble altar of Elyvilon.
    46 | D        | Found a shadowy altar of Dithmenos.
    46 | D        | Found a snail-covered altar of Cheibriados.
    50 | D        | Found a roughly hewn altar of Beogh.
    50 | D        | Found a corrupted altar of Lugonu.
    50 | D        | Found a radiant altar of Vehumet.
    51 | D        | Became a worshipper of Jiyva Joifeecw the Shapeless
    56 | D        | Killed an acid blob
    56 | D        | Killed an acid blob
    57 | D        | Killed a fire dragon
    58 | D        | Killed a death ooze
    60 | D        | Killed an azure jelly
    61 | D        | Killed a golden eye
    63 | D        | Killed an eye of draining
    64 | D        | Killed Boris
    65 | D        | Killed a titan
    66 | D        | Killed a death ooze
    67 | D        | Reached * piety under Jiyva
    68 | D        | Reached ** piety under Jiyva
    68 | D        | Killed a shadow dragon
    69 | D        | Killed a deep elf high priest
    71 | D        | Killed a death ooze
    71 | D        | Killed an acid blob
    71 | D        | Killed a blizzard demon
    78 | D        | Killed a hellion
    81 | D        | Killed an Orb Guardian
    84 | D        | Killed an acid blob
    84 | D        | Killed a floating eye
    85 | D        | Killed an Orb Guardian
    86 | D        | Killed an Ice Fiend
    87 | D        | Killed a mummy priest
    87 | D        | Killed a dire elephant
    87 | D        | Killed an acid blob
    88 | D        | Killed Dissolution
    88 | D        | Killed an ancient lich
    89 | D        | Killed an acid blob
    89 | D        | Killed a golden eye
    90 | D        | Killed an azure jelly
    92 | D        | Killed an Executioner
    92 | D        | Killed an acid blob
    94 | D        | Reached skill level 4 in Fighting
    95 | D        | Reached XP level 2. HP: 8/20 MP: 2/2
    95 | D        | Killed a death ooze
    95 | D        | Killed an acid blob
    96 | D        | Killed a floating eye
    97 | D        | Killed a death ooze
    98 | D        | Killed a Hell Sentinel
    98 | D        | Killed an acid blob
   101 | D        | Reached *** piety under Jiyva
   101 | D        | Gained mutation: You evolve. [Jiyva's grace]
   101 | D        | Reached **** piety under Jiyva
   102 | D        | Reached ***** piety under Jiyva
   102 | D        | Gained mutation: You have supernaturally acute eyesight.
                  | (SInv) [Jiyva's grace]
   107 | D        | Killed an orb of fire
   110 | D        | Killed an acid blob
   111 | D        | Killed an azure jelly
   111 | D        | Gained mutation: You have a pair of small horns on your
                  | head. [Jiyva's grace]
   111 | D        | Reached ****** piety under Jiyva
   112 | D        | Killed an Ice Fiend
   113 | D        | Noticed a floating eye
   113 | D        | Killed the Royal Jelly
   114 | D        | Killed a death ooze
   115 | D        | Gained mutation: Your spells are a little harder to cast,
                  | but a little more powerful. [Jiyva's grace]
   119 | D        | Killed a death ooze
   124 | D        | Gained mutation: You are surrounded by a mild repulsion
                  | field. (EV +2) [Jiyva's grace]
   130 | D        | Killed an azure jelly
   136 | D        | Killed a greater mummy
   153 | D        | Killed an azure jelly
   158 | D        | Killed an azure jelly
   162 | D        | Killed a death ooze
   162 | D        | Killed a death ooze
   176 | D        | Killed Mennas
   191 | D        | Noticed a flying skull
   191 | D        | Gained mutation: You have an increased reservoir of magic.
                  | (+10% MP) [Jiyva's grace]
   191 | D        | Lost mutation: You have an increased reservoir of magic.
                  | (+10% MP) [Jiyva's grace]
   194 | D        | Gained mutation: Your spells are harder to cast, but more
                  | powerful. [Jiyva's grace]
   196 | D        | Gained mutation: You have a small jelly attached to you
                  | that may absorb incoming projectiles. [Jiyva's grace]
   197 | D        | Killed a flying skull
   197 | D        | Reached skill level 7 in Fighting
   197 | D        | Reached skill level 5 in Axes
   197 | D        | Reached XP level 3. HP: 22/28 MP: 3/3
   197 | D        | Reached XP level 4. HP: 27/34 MP: 4/4
   198 | D        | Gained mutation: You have a small jelly attached to you
                  | that senses nearby items. [Jiyva's grace]
   198 | D        | Lost mutation: You have a small jelly attached to you that
                  | senses nearby items. [Jiyva's grace]
   235 | D        | Lost mutation: You have a small jelly attached to you that
                  | may absorb incoming projectiles. [Jiyva's grace]
   236 | D        | Gained mutation: You are surrounded by a moderate repulsion
                  | field. (EV +3) [Jiyva's grace]
   239 | D        | Gained mutation: You are partially covered in thin metallic
                  | scales. (AC +2) [Jiyva's grace]
   242 | D        | Gained mutation: You are covered in slimy tendrils that may
                  | disarm your opponents. [Jiyva's grace]
   278 | D        | Noticed Pikel
   278 | D        | Noticed a slave
   278 | D        | Noticed a slave
   278 | D        | Noticed a gnoll sergeant
   278 | D        | Noticed a slave
   287 | D        | Killed a pearl dragon
   290 | D        | Reached skill level 8 in Fighting
   290 | D        | Reached XP level 5. HP: 37/39 MP: 5/5
   290 | D        | Noticed a slave
   293 | D        | Noticed Grinder
   294 | D        | Killed a slave
   294 | D        | Gained mutation: Your mind is acute. (Int +2) [Jiyva's
                  | grace]
   298 | D        | Killed a tentacled monstrosity
   299 | D        | Reached skill level 9 in Fighting
   307 | D        | Killed Pikel
   307 | D        | Reached skill level 12 in Fighting
   307 | D        | Reached skill level 10 in Axes
   307 | D        | Reached XP level 6. HP: 47/51 MP: 6/6
   307 | D        | Reached XP level 7. HP: 52/56 MP: 7/7
   330 | D        | Killed Grinder
   345 | D        | Noticed a sea snake
   362 | D        | Killed a sea snake
   362 | D        | Reached skill level 13 in Fighting
   362 | D        | Reached XP level 8. HP: 38/64 MP: 8/8
   502 | D        | Reached skill level 14 in Fighting
   652 | D        | Noticed a hippogriff
   652 | D        | Noticed a flayed ghost
   661 | D        | Killed a flayed ghost
   661 | D        | Reached skill level 15 in Fighting
   661 | D        | Reached XP level 9. HP: 71/71 MP: 9/9
   674 | D        | Killed Louise
   697 | D        | Lost mutation: Your spells are harder to cast, but more
                  | powerful. [Jiyva's grace]
   727 | D        | Lost mutation: Your mind is acute. (Int +2) [Jiyva's grace]
   732 | D        | Lost mutation: Your spells are a little harder to cast, but
                  | a little more powerful. [Jiyva's grace]
   737 | D        | Gained mutation: Your body has grown golden eyes which may
                  | confuse attackers. (Acc +3) [Jiyva's grace]
   739 | D        | Gained mutation: Your large and strong wings let you fly
                  | indefinitely. [Jiyva's grace]
   750 | D        | Gained mutation: Your rubbery body absorbs attacks. (AC +1,
                  | EV +1) [Jiyva's grace]
   755 | D        | Lost mutation: You have a pair of small horns on your head.
                  | [Jiyva's grace]
   756 | D        | Gained mutation: You are weak. (Str -2) [Jiyva's grace]
   758 | D        | Gained mutation: You are dopey. (Int -2) [Jiyva's grace]
   760 | D        | Gained mutation: You are robust. (+10% HP) [Jiyva's grace]
   778 | D        | Gained mutation: You expend magic power (3 MP) to
                  | strengthen your wands. [Jiyva's grace]
   778 | D        | Lost mutation: You are covered in slimy tendrils that may
                  | disarm your opponents. [Jiyva's grace]
   779 | D        | Killed a yellow draconian stormcaller
   798 | D        | Gained mutation: Your skin changes colour to match your
                  | surroundings (Stealth+). [Jiyva's grace]
   801 | D        | Lost mutation: Your skin changes colour to match your
                  | surroundings (Stealth+). [Jiyva's grace]
   801 | D        | Lost mutation: You are partially covered in thin metallic
                  | scales. (AC +2) [Jiyva's grace]
   803 | D        | Lost mutation: You evolve. [Jiyva's grace]
   805 | D        | Gained mutation: You have a small jelly attached to you
                  | that may absorb incoming projectiles. [Jiyva's grace]
   839 | D        | Noticed a gargoyle
   841 | D        | Killed a deep elf death mage
   856 | D        | Killed a gargoyle
   856 | D        | Reached skill level 16 in Fighting
   878 | D        | Lost mutation: You are surrounded by a moderate repulsion
                  | field. (EV +3) [Jiyva's grace]
   878 | D        | Gained mutation: You are agile. (Dex +2) [Jiyva's grace]
   950 | D        | Gained mutation: You have large cloven feet. [Jiyva's
                  | grace]
   950 | D        | Gained mutation: Your flesh is heat resistant. (rF+)
                  | [Jiyva's grace]
   974 | D        | Noticed a two-headed ogre
   975 | D        | Noticed an efreet
   975 | D        | Noticed a two-headed ogre
   975 | D        | Noticed a two-headed ogre
   975 | D        | Noticed a two-headed ogre
   975 | D        | Noticed a tyrant leech
   996 | D        | Killed a two-headed ogre
   996 | D        | Reached XP level 10. HP: 57/88 MP: 10/10
  1005 | D        | Killed a two-headed ogre
  1005 | D        | Reached skill level 17 in Fighting
  1016 | D        | Killed a two-headed ogre
  1016 | D        | Reached skill level 15 in Axes
  1085 | D        | Reached skill level 18 in Fighting
  1149 | D        | Killed a titan
  1168 | D        | Noticed Agnes
  1191 | D        | Killed Agnes
  1191 | D        | Reached XP level 11. HP: 42/96 MP: 11/11
  1217 | D        | Gained mutation: You have a somewhat thin skeletal
                  | structure. (Dex +2, Stealth) [Jiyva's grace]
  1218 | D        | Lost mutation: Your large and strong wings let you fly
                  | indefinitely. [Jiyva's grace]
  1218 | D        | Lost mutation: Your rubbery body absorbs attacks. (AC +1,
                  | EV +1) [Jiyva's grace]
  1221 | D        | Gained mutation: Your large and strong wings let you fly
                  | indefinitely. [Jiyva's grace]
  1225 | D        | Gained mutation: You are partially covered in slimy green
                  | scales. (AC +2) [Jiyva's grace]
  1226 | D        | Gained mutation: You have a pair of small antennae on your
                  | head. [Jiyva's grace]
  1226 | D        | Lost mutation: You have a small jelly attached to you that
                  | may absorb incoming projectiles. [Jiyva's grace]
  1228 | D        | Lost mutation: Your large and strong wings let you fly
                  | indefinitely. [Jiyva's grace]
  1229 | D        | Gained mutation: Your spells are a little harder to cast,
                  | but a little more powerful. [Jiyva's grace]
  1244 | D        | Lost mutation: You expend magic power (3 MP) to strengthen
                  | your wands. [Jiyva's grace]
  1283 | D        | Lost mutation: You are agile. (Dex +2) [Jiyva's grace]
  1289 | D        | Noticed an ogre mage
  1289 | D        | Noticed a two-headed ogre
  1290 | D        | Noticed a two-headed ogre
  1293 | D        | Noticed a two-headed ogre
  1296 | D        | Lost mutation: You are dopey. (Int -2) [Jiyva's grace]
  1296 | D        | Gained mutation: You passively map a small area around you.
                  | [Jiyva's grace]
  1303 | D        | HP: 3/96 [two-headed ogre/cursed +0 giant spiked club (9)]
  1304 | D        | Killed a two-headed ogre
  1304 | D        | Reached skill level 19 in Fighting
  1304 | D        | Mangled by a two-headed ogre

Skill      XL: |  1  2  3  4  5  6  7  8  9 10 11 |
---------------+----------------------------------+-----
Axes           | 3 5 6 10 11 12 14 16 | 16.4
Fighting       | 4 7 8 12 13 15 16 18 19 | 19.1
Armour         | |  3.2
Shields        | |  3.2

Action                   |  1- 3 |  4- 6 |  7- 9 | 10-12 || total
-------------------------+-------+-------+-------+-------++-------
Melee: War axe           |    21 |       |       |       ||    21
       Headbutt          |     1 |     2 |    11 |       ||    14
       Hand axe          |       |    21 |    98 |    77 ||   196
       Kick              |       |       |     6 |    26 ||    32
Invok: Request Jelly     |       |     1 |     2 |     1 ||     4
  Use: Potion            |       |     1 |     1 |     9 ||    11
 Stab: Distracted        |       |       |     1 |       ||     1
       Confused          |       |       |       |     3 ||     3
Armor: Scale mail        |    24 |       |       |       ||    24
       Chain mail        |       |     6 |    33 |    30 ||    69
Dodge: Dodged            |    20 |     8 |    19 |    20 ||    67
Block: Shield            |    30 |     5 |    26 |    34 ||    95
